 Dungeon Crawl Stone Soup version 0.29.0-4-gdea44cf6ec (webtiles) character file.

Game seed: 822625017802199546

41 qw the Chopper (level 3, 0/21 HPs)
             Began as a Tengu Warper on Aug 28, 2022.
             Slain by Natasha (9 damage)
             ... on level 2 of the Dungeon.
             The game lasted 00:00:07 (1432 turns).

qw the Chopper (Tengu Warper)                       Turns: 1432, Time: 00:00:08

Health: 0/21       AC:  3    Str: 13    XL:     3   Next: 52%
Magic:  7/7        EV: 12    Int: 13    God:
Gold:   38         SH:  0    Dex: 13    Spells: 6/6 levels left

rFire   . . .      SeeInvis .   Y - +0 hand axe (flame)
rCold   . . .      Faith    .   (no shield)
rNeg    . . .      Spirit   .   b - +0 leather armour
rPois   .          Reflect  .   (helmet restricted)
rElec   .          Harm     .   (no cloak)
rCorr   .          Rampage  .   (no gloves)
Will    .....                   (boots unavailable)
Stlth   +.........              (no amulet)
HPRegen 0.07/turn               (no ring)
MPRegen 0.10/turn               (no ring)

@: no status effects
A: beak, talons 3
a: no special abilities


You were on level 2 of the Dungeon.
You visited 1 branch of the dungeon, and saw 2 of its levels.

You collected 38 gold pieces.


Innate Abilities, Weirdness & Mutations

You have a beak for a mouth.
You have claws for feet.


   Skills:
 - Level 2.0 Fighting
 + Level 4.2 Axes
 - Level 1.0 Throwing
 - Level 1.1 Armour
 - Level 2.1 Dodging
 - Level 2.0 Spellcasting
 - Level 2.4 Translocations


You had 6 spell levels left.
You didn't know any spells.
Your spell library contained the following spells:

 Spells                   Type           Power      Damage    Failure   Level
 Blink                    Tloc           14%        N/A       19%         2
 Gell's Gravitas          Tloc           7%         N/A       36%         3
 Lesser Beckoning         Tloc           7%         N/A       36%         3
 Teleport Other           Tloc           7%         N/A       36%         3
 Manifold Assault         Tloc           7%         N/A       98%         5

Inventory:

Hand Weapons
 Y - a +0 hand axe of flaming (weapon)
Armour
 b - a +0 leather armour (worn)
Potions
 a - a potion of curing {unknown}
 c - a potion of brilliance {unknown}
 f - a potion of cancellation {unknown}

Dungeon Overview and Level Annotations

Branches:
Dungeon (2/15)

Altars:

Annotations:
D:2 Natasha


Message History

Done exploring.
(D) Dungeon
Where to? (* - list waypoints, ? - help)
What level of the Dungeon? (default 1, ? - help)
There is a stone staircase leading down here.
You climb downwards.
Found 5 stones.
Found a stone staircase leading up.
There is a stone staircase leading up here.
Existing waypoints: (2) D:1 Assign waypoint to what number? (0-9, D - delete waypoint) Waypoint 1 assigned to D:2.
A goblin comes into view. It is wielding a +0 club.
Enter note: The goblin shouts!
You barely miss the goblin. Your kick misses the goblin.
Your peck misses the goblin. The goblin misses you.
You hit the goblin. You burn the goblin.
You kill the goblin!
Things that are here:
a +0 club; a goblin corpse
Found a stone staircase leading down.
c - a glowing puce potion
Enter note: Natasha, Servant of Life and Death comes into view.
Natasha hisses angrily.
Natasha casts a spell at you. The magic dart hits you.
1428 ||| Stepping ~*~*~tactically~*~*~ (hiding).
You start resting.
Natasha is nearby!
You hit Natasha. You burn Natasha. Your peck misses Natasha.
Natasha is heavily wounded.
Natasha stares at you and mumbles some strange words.
The magic dart hits you.
You closely miss Natasha. Your kick misses Natasha. Your peck misses Natasha.
Natasha is heavily wounded.
Natasha claws you!
You die...

#####..... ####.#
#.# #.# #.#
#.####### #.#
#..h....##.# #.#
#h##.# #.# #@##.#
#.#
#.##.###########.#
#.##.##..........#
#.##.##.##########
#######.##.##.####
#..........##....#
#............###.#
#..####.####.# #
#. #.# #.#


You could see Natasha.

Vanquished Creatures
  A gnoll (D:1)
  A dart slug (D:1)
  5 endoplasms (D:1)
  A giant cockroach (D:1)
  5 goblins
  3 hobgoblins (D:1)
  2 kobolds (D:1)
  3 ball pythons (D:1)
  3 bats (D:1)
  3 rats (D:1)
27 creatures vanquished.

Notes
Turn   | Place    | Note
-------+----------+-------------------------------------------
     0 | D:1      | qw the Tengu Warper began the quest for the Orb.
     0 | D:1      | Reached XP level 1. HP: 12/12 MP: 4/4
     0 | D:1      | 0 ||| qw: Version: 0.1-a-89-g26bdef1
     0 | D:1      | 0 ||| qw: Game counter: 1597
     0 | D:1      | 0 ||| qw: Always use a shield: true
     0 | D:1      | 0 ||| qw: God list: Okawaru
     0 | D:1      | 0 ||| qw: Allow faded altars: false
     0 | D:1      | 0 ||| qw: Do Orc after D:15 true
     0 | D:1      | 0 ||| qw: Do second Lair branch before Depths: true
     0 | D:1      | 0 ||| qw: Lair rune preference: random
     0 | D:1      | 0 ||| qw: Plans: Normal
     0 | D:1      | 0 ||| PLANNING D:1-11
   188 | D:1      | 188 ||| DROPPING +0 club.
   236 | D:1      | Reached XP level 2. HP: 17/17 MP: 6/6
   249 | D:1      | Reached skill level 3 in Axes
   340 | D:1      | 340 ||| Stepping ~*~*~tactically~*~*~ (hiding).
   403 | D:1      | 403 ||| Stepping ~*~*~tactically~*~*~ (stealth).
   404 | D:1      | 404 ||| Stepping ~*~*~tactically~*~*~ (stealth).
   405 | D:1      | 405 ||| Stepping ~*~*~tactically~*~*~ (stealth).
   412 | D:1      | 412 ||| Stepping ~*~*~tactically~*~*~ (stealth).
   422 | D:1      | Reached XP level 3. HP: 8/21 MP: 7/7
   597 | D:1      | 597 ||| DROPPING +0 whip.
   633 | D:1      | 633 ||| SWAPPING to +0 hand axe of flaming.
   634 | D:1      | 634 ||| DROPPING +0 hand axe.
   635 | D:1      | 635 ||| DROPPING +0 flail.
   668 | D:1      | Reached skill level 4 in Axes
   787 | D:1      | 787 ||| Stepping ~*~*~tactically~*~*~ (stealth).
  1318 | D:1      | 1318 ||| READING scroll labelled JENIRU ZI NUDO.
  1319 | D:1      | 1319 ||| READING scroll labelled YTAMAGA AS MEO.
  1324 | D:1      | 1324 ||| READING scroll labelled ASYTTE REPSIMA.
  1325 | D:1      | 1325 ||| DROPPING scroll of blinking.
  1427 | D:2      | Noticed Natasha
  1428 | D:2      | 1428 ||| Stepping ~*~*~tactically~*~*~ (hiding).
  1432 | D:2      | Slain by Natasha

Levels and vault maps discovered:
D:1:      dpeg_arrival_rooms_b, layout_basic
D:2:      layout_loops_ring, hellmonk_ecumenical_altar_lost_god, uniq_natasha

Skill      XL: |  1  2  3 |
---------------+----------+-----
Axes           | 3 4 |  4.2
Fighting       | |  2.0
Throwing       | |  1.0
Armour         | |  1.1
Dodging        | |  2.1
Spellcasting   | |  2.0
Translocations | |  2.4

Action                   || total
-------------------------++-------
Melee: Hand axe          ||    55
       Peck              ||     5
       Kick              ||    12
       Punch             ||     3
Throw: Boomerang         ||     7
  Use: Scroll            ||     3
Armor: Leather armour    ||     9
Dodge: Dodged            ||    24

Table legend:
 A = Non-vault XP
 B = Vault XP
 C = Vault XP percentage of total XP
 D = Non-vault monster count
 E = Vault monster count
 F = Vault count percentage of total count
                 A         B        C        D         E       F
            +---------+---------+-------+---------+---------+-------
      Total |      59 |       0 |   0.0 |      27 |       0 |   0.0
            +---------+---------+-------+---------+---------+-------
        D:1 |      58 |       0 |   0.0 |      26 |       0 |   0.0
        D:2 |       1 |       0 |   0.0 |       1 |       0 |   0.0
            +---------+---------+-------+---------+---------+-------
